 Dungeon Crawl Stone Soup version 0.20-a0-739-g6bb112f (webtiles) character file.

2839 Dipster the Carver (level 9, -2/65 HPs)
             Began as a Barachian Fighter on Feb 24, 2017.
             Was a Priest of Wu Jian.
             Slain by a two-headed ogre
             ... wielding a +0 giant club
              (22 damage)
             ... on level 11 of the Dungeon.
             The game lasted 00:21:35 (7725 turns).

Dipster the Carver (Barachian Fighter)              Turns: 7725, Time: 00:21:35

Health: -2/65      AC: 13    Str: 19    XL:     9   Next: 74%
Magic:  9/9        EV:  5    Int:  8    God:    Wu Jian [***...]
Gold:   371        SH:  9    Dex: 13    Spells: 8/8 levels left

rFire    + . .     SeeInvis .   E - +2 falchion (slice)
rCold    . . .     Gourm    .   D - +3 chain mail {rF+}
rNeg     . . .     Faith    .   c - +0 shield
rPois    .         Spirit   .   e - +0 helmet
rElec    .         Reflect  .   (no cloak)
rCorr    .         Harm     .   (no gloves)
MR       +....                  (no boots)
Stlth    ..........             (no amulet)
Regen    0.2/turn               C - ring of stealth
MPRegen  0.2/turn               d - ring of protection from magic

@: can't hop, slow
A: swims, slowness 1, strong legs 1
a: Hop, Renounce Religion


You were on level 11 of the Dungeon.
You worshipped Wu Jian.
Wu Jian was most pleased with you.
You were not hungry.

You visited 2 branches of the dungeon, and saw 10 of its levels.
You also visited: Ossuary.

You collected 371 gold pieces.

Inventory:

Hand Weapons
 a - a +0 long sword
 x - a +0 war axe
 E - a +2 falchion of slicing (weapon)
 H - a +1 morningstar of holy wrath
Missiles
 l - 14 tomahawks (quivered)
 t - 7 sling bullets
Armour
 b - a +0 scale mail
 c - a +0 shield (worn)
 e - a +0 helmet (worn)
 k - a +0 leather armour of magic resistance
 B - the +1 robe "Seiveg" {rElec, unknown}
   (You found it on level 5 of the Dungeon)

   It insulates you from electricity.
 D - a +3 chain mail of fire resistance (worn)
 G - a cursed -2 leather armour
Magical Staves
 z - an uncursed staff of summoning {unknown}
Jewellery
 d - a ring of protection from magic (left hand)
 m - an uncursed ring of ice
 C - a ring of stealth (right hand)
Wands
 p - a wand of confusion (2/48)
 F - a wand of disintegration (11/24)
Scrolls
 w - 7 scrolls of remove curse
 I - a scroll of enchant weapon {unknown}
 J - a scroll of enchant armour
 L - 4 scrolls of random uselessness {unknown}
 M - 3 scrolls of identify
 N - a scroll of amnesia {unknown}
 O - 2 scrolls of fog
 Q - a scroll of noise {unknown}
Potions
 h - a potion of brilliance
 i - a potion of heal wounds
 o - a potion of haste {unknown}
 q - 4 potions of degeneration
 s - a potion of magic
 u - 5 potions of lignification
 A - 7 potions of curing
 K - a potion of flight {unknown}
 P - a potion of agility {unknown}
Books
 r - a book of Conjurations

   Spells                             Type                      Level
   a - Magic Dart                     Conjuration                  1
   b - Searing Ray                    Conjuration                  2
   c - Dazzling Spray                 Conjuration/Hexes            3
   d - Fulminant Prism                Conjuration/Hexes            4
   e - Force Lance                    Conjuration/Translocation    4
   f - Iskenderun's Mystic Blast      Conjuration                  4
 y - a book of Clouds

   Spells                             Type                      Level
   a - Poisonous Vapours              Poison/Air                   2
   b - Mephitic Cloud                 Conjuration/Poison/Air       3
   c - Conjure Flame                  Conjuration/Fire             3
   d - Freezing Cloud                 Conjuration/Ice/Air          6
   e - Ring of Flames                 Charms/Fire                  7
Comestibles
 f - 4 bread rations
 g - 10 fruits
 j - 6 meat rations
 n - 4 royal jellies


   Skills:
 + Level 4.1 Fighting
 + Level 13.4 Long Blades
 + Level 4.2 Armour
 - Level 3.0 Shields


You had 8 spell levels left.
You didn't know any spells.

Dungeon Overview and Level Annotations

Branches:
Dungeon (8/15)             Temple (1/1) D:4             Orc (0/2) D:11
   Lair: D:8-11

Altars:
Ashenzari
Cheibriados
Dithmenos
Elyvilon
Fedhas
Gozag
Hepliaklqana
Kikubaaqudgha
Makhleb
Nemelex Xobeh
Okawaru
Qazlal
Ru
Sif Muna
Trog
Uskayaw
Vehumet
Wu Jian
Xom
Yredelemnul
Zin
The Shining One


Innate Abilities, Weirdness & Mutations

You can swim through water.
You cover ground slowly.
You can hop short distances.


Message History

A wyvern skeleton comes into view.
A wraith comes into view.
Okay, then.
An orc comes into view.
The orc shouts!
Found a scroll of enchant armour.
You spin and attack the orc.
You slash the orc!
You kill the orc!
The Council accepts your kill.
The two-headed ogre hits you with a giant club! x2
You spin and attack the two-headed ogre repeatedly!
Your chain mail prevents you from hitting the two-headed ogre.
The two-headed ogre is moderately wounded.
You hit the two-headed ogre.
The two-headed ogre is moderately wounded.
You block the two-headed ogre's attack.
The two-headed ogre hits you with a giant club.
* * * LOW HITPOINT WARNING * * *
The two-headed ogre hits you with a giant club!!
You die...

*,,* #..# *#######..# *,........#
********** *** **+*#.?....#
*,,,,,,,,, ,,***,,,#......#
*,,,,,,,,,
,,*,*,,,#......#########,,,,,,,,,
,,+,+,,,#...............,,,,,,,,,
,,*,*,,,#.Z.TW.O@.......,********
,,***,,,#..#######......,* +**
****#..#,,,,,*,.....,* ,,*
*≈≈≈#..#,,,,,*,,...(,*
,,***,≈≈#.W#,,,,,*,,,...,***
,,,,,,,≈#T.#,,,,,*,,,,..,,,*
,,,,,,,≈#.Z#,,,,,*,,,,<.,,,******
,,,,,,,*#.##,,,,,*,,,,,,,,,,,,,,,
**,,,,,*#.#,,,,,,*,,,,,,,,,,,,,,,


You could see a two-headed ogre, a troll, a wraith and a wyvern skeleton.

Vanquished Creatures
  A hippogriff (D:7)
  Sigmund (D:6)
  An orc warrior (D:7)
  An ice beast (D:6)
  4 ogres
  2 centaurs
  4 bullfrogs (D:6)
  A scorpion (D:8)
  2 killer bees
  A howler monkey (D:6)
  2 crimson imps (D:7)
  A bullfrog zombie (D:5)
  A jelly (D:5)
  3 centaur zombies
  A human zombie (Ossuary)
  2 orc priests
  4 hounds
  An iguana (D:6)
  12 orc wizards
  A bullfrog skeleton (D:4)
  A centaur skeleton (D:5)
  5 worker ants
  A big kobold zombie (Ossuary)
  2 hound skeletons (D:5)
  6 mummies
  Robin (D:2)
  8 gnolls
  11 adders
  An adder skeleton (D:5)
  2 worms
  4 dart slugs
  7 leopard geckos
  21 orcs
  3 bats
  4 giant cockroaches
  11 goblins
  9 hobgoblins
  5 jackals
  7 quokkas
  2 ball pythons
  2 frilled lizards (D:3)
  3 goblin zombies (Ossuary)
  A jackal zombie (D:8)
  7 kobolds
  A kobold zombie (Ossuary)
  A leopard gecko skeleton (D:5)
  A leopard gecko zombie (D:5)
  A quokka skeleton (D:5)
  7 rats
181 creatures vanquished.

Notes
Turn   | Place    | Note
-------+----------+-------------------------------------------
     0 | D:1      | Dipster the Barachian Fighter began the quest for the Orb.
     0 | D:1      | Reached XP level 1. HP: 18/18 MP: 1/1
   153 | D:1      | Reached skill level 3 in Long Blades
   153 | D:1      | Reached XP level 2. HP: 24/24 MP: 2/2
   621 | D:2      | Reached XP level 3. HP: 23/29 MP: 3/3
   849 | D:2      | Reached skill level 4 in Long Blades
   882 | D:2      | Found a bloodstained altar of Trog.
   916 | D:2      | Found a bloodstained altar of Trog.
   916 | D:2      | Noticed Robin
   938 | D:2      | Killed Robin
   939 | D:2      | HP: 1/29 [hobgoblin/club[Robin] (7)]
   950 | D:2      | Reached XP level 4. HP: 29/35 MP: 4/4
  1136 | D:2      | Reached skill level 5 in Long Blades
  1490 | D:2      | Reached XP level 5. HP: 41/41 MP: 5/5
  1546 | D:2      | Found an opulent altar of Gozag.
  1868 | D:3      | Found a radiant altar of Vehumet.
  1933 | D:3      | Reached skill level 6 in Long Blades
  2020 | D:3      | You fall through a shaft!
  2254 | D:4      | Found a sacrificial altar of Ru.
  2302 | D:4      | Reached XP level 6. HP: 45/47 MP: 6/6
  2389 | D:4      | Reached skill level 7 in Long Blades
  2412 | D:4      | Found a staircase to the Ecumenical Temple.
  2451 | Temple   | Entered the Ecumenical Temple
  2710 | Temple   | Became a worshipper of the Wu Jian Council
  3428 | D:5      | Entered Level 5 of the Dungeon
  3608 | D:5      | Reached skill level 8 in Long Blades
  3608 | D:5      | Reached XP level 7. HP: 52/52 MP: 7/7
  3740 | D:5      | Found a shattered altar of Ashenzari.
  3789 | D:5      | Reached * piety under Wu Jian
  3952 | D:5      | Reached skill level 9 in Long Blades
  4052 | D:5      | Got a crude robe
  4616 | D:6      | Reached XP level 8. HP: 58/58 MP: 8/8
  4639 | D:6      | Reached skill level 10 in Long Blades
  5029 | D:6      | Noticed Sigmund
  5038 | D:6      | Reached skill level 11 in Long Blades
  5052 | D:6      | Reached ** piety under Wu Jian
  5067 | D:6      | HP: 2/58 [something/magic dart (7)]
  5520 | D:6      | Killed Sigmund
  5717 | D:6      | Reached skill level 12 in Long Blades
  5958 | D:5      | Reached XP level 9. HP: 49/64 MP: 9/9
  6568 | D:7      | Reached skill level 13 in Long Blades
  7228 | D:8      | Found a sand-covered staircase.
  7266 | Ossuary  | Entered an ossuary
  7456 | Ossuary  | Reached *** piety under Wu Jian
  7694 | D:8      | You fall through a shaft for 3 floors!
  7694 | D:11     | Noticed a two-headed ogre
  7697 | D:11     | Noticed a troll
  7725 | D:11     | Slain by a two-headed ogre

Vault maps used:
D:1:      eino_arrival_tree_alley, minmay_heptomino_o4
D:2:      old_standard_altar, grunt_gozag_statues, first_bread, serial_glass,
          glass_columns_a, glass_columns_b, bloody_trog, uniq_robin
D:3:      vehumet_crystals
D:4:      old_standard_altar, temple_statues
D:5:      hangedman_glass_teeth, cheibrodos_ashenzari_chains
D:6:      minmay_crossroads, uniq_sigmund
D:8:      gup_ossuary_entry_pyramid, uniq_grum
D:11:     orc_0_dummy, nicolae_zen_rock_garden, hangedman_pestilent_swarm
Temple:   dpeg_five_rooms_temple
Ossuary:  ossuary_crypta

Skill      XL: |  1  2  3  4  5  6  7  8  9 |
---------------+----------------------------+-----
Long Blades    | 3 4 5 6 8 9 12 13 | 13.4
Armour         | 4 |  4.2
Fighting       | 4 |  4.1
Shields        | |  3.0

Action                   |  1- 3 |  4- 6 |  7- 9 || total
-------------------------+-------+-------+-------++-------
Melee: Long sword        |    80 |   224 |    88 ||   392
       Falchion          |       |       |   410 ||   410
Throw: Tomahawk          |       |     3 |       ||     3
 Abil: Hop               |       |       |     2 ||     2
Evoke: Wand              |       |       |     2 ||     2
  Use: Potion            |     3 |       |    14 ||    17
       Scroll            |       |     6 |     6 ||    12
  Eat: Chunk             |       |    11 |    13 ||    24
       Bread ration      |       |       |     1 ||     1
Armor: Scale mail        |    29 |    88 |       ||   117
       Leather armour    |     3 |       |       ||     3
       Chain mail        |       |     3 |   265 ||   268
Dodge: Dodged            |    19 |    76 |    65 ||   160
Block: Shield            |    41 |   119 |   171 ||   331
       Rpst.: Long sword |     5 |    21 |     3 ||    29
       Falchion          |       |       |    15 ||    15
